Map: Lerilak Crest

Players

LilDicky - Winner!

  • Race: Terran Terran
  • League: Diamond

SuperDuper

  • Race: Terran Terran
  • League: Diamond

VOD

http://www.twitch.tv/tumescentpie

Description

Time

  • Played on: Dec. 24, 2015, 9:41 p.m.
  • Length: 6:15
Show
View Real Time Build Order
Export as new Build Order

LilDicky Terran - Winner!

Build Orders: Liberator Opening 

Get SALT Encoding   

  12  0:01  SCV  
  13  0:15  SCV  
  13  0:17  Supply Depot  
  14  0:30  SCV  
  15  0:38  Refinery  
  15  0:42  SCV  
  16  0:54  SCV  
  17  0:57  Barracks  
  17  1:11  SCV  
  18  1:30  SCV  
  19  1:45  Orbital Command  
  19  1:46  Marine  
  20  1:48  Supply Depot  
  20  2:04  Factory, Refinery, Marine  
  21  2:09  Barracks  
  21  2:16  SCV  
  21  2:22  Marine  
  23  2:28  SCV  
  23  2:39  Marine  
  23  2:40  SCV  
  25  2:57  Marine  
  26  3:01  Marine  
  26  3:03  Factory Tech Lab, Starport  
  27  3:06  SCV  
  27  3:10  Supply Depot  
  28  3:15  Marine  
  28  3:18  SCV  
  28  3:19  Marine  
  31  3:22  Supply Depot  
  31  3:27  Liberator  
  31  3:32  Siege Tank  
  31  3:33  Marine  
  35  3:37  SCV, Marine  
  37  3:48  Supply Depot  
  40  3:51  Marine  
  40  3:52  SCV  
  42  3:58  Marine  
  42  3:59  Supply Depot  
  43  4:06  Siege Tank  
  46  4:11  Marine  
  46  4:13  SCV  
  48  4:21  Marine  
  49  4:25  SCV  
  50  4:33  Viking  
  55  4:38  Siege Tank  
  55  4:49  Marine x2  
  57  4:54  SCV  
  58  5:06  SCV  
  59  5:07  Marine  
  59  5:10  Siege Tank  
  59  5:11  Engineering Bay  
  63  5:43  Supply Depot  
  63  5:46  SCV  
Show
View Real Time Build Order
Export as new Build Order

SuperDuper Terran 

Build Orders: Reaper Expand 

Get SALT Encoding   

  12  0:01  SCV  
  13  0:13  SCV  
  14  0:17  Supply Depot  
  14  0:25  SCV  
  15  0:40  Barracks  
  15  0:42  SCV  
  16  0:45  Refinery  
  16  0:54  SCV  
  17  1:06  SCV  
  18  1:18  SCV  
  19  1:31  Reaper, Orbital Command  
  20  1:45  Command Center  
  20  1:58  SCV  
  20  1:59  Supply Depot  
  21  2:05  Marine  
  22  2:14  SCV, Factory  
  23  2:22  Marine  
  23  2:24  Refinery  
  23  2:29  SCV  
  25  2:40  Marine  
  26  2:45  SCV  
  27  2:57  SCV  
  27  2:58  Marine  
  28  3:02  Orbital Command  
  28  3:04  Factory Tech Lab  
  28  3:11  SCV  
  29  3:16  Marine  
  30  3:23  SCV  
  30  3:25  Siege Tank  
  34  3:30  Supply Depot  
  34  3:31  Starport  
  34  3:32  SCV  
  35  3:38  Engineering Bay  
  35  3:41  SCV  
  36  3:45  SCV  
  37  3:53  SCV  
  38  3:57  SCV  
  38  4:02  Cyclone  
  42  4:05  SCV  
  42  4:07  Missile Turret  
  42  4:09  SCV  
  44  4:13  Viking  
  46  4:19  Missile Turret  
  46  4:24  SCV x2  
  48  4:34  Siege Tank  
  48  4:36  Supply Depot  
  48  4:38  Refinery  
  51  4:40  SCV x2  
  53  4:50  Supply Depot  
  53  4:52  SCV  
  54  4:53  Viking  
  54  4:57  SCV  
  57  5:02  Factory  
  57  5:04  Barracks Reactor  
  57  5:13  SCV x2  
  59  5:23  Supply Depot, Siege Tank  
  59  5:27  SCV x2  
  61  5:46  Supply Depot  
  51  6:01  SCV  
  51  6:02  SCV  
Tags
 
Add a new tag
Caveats
  • Supply blocks, unpowered buildings, or Contaminate may cause inaccurate times.
  • Supply counts are checked every 10 seconds.